 Dungeon Crawl Stone Soup version 0.30.1-9-gdf580d7c3d (webtiles) character file.

Game seed: 6301137999883258557

919 Ivernyr the Shield-Bearer (level 8, -2/63 HPs)
             Began as a Formicid Fighter on Oct 16, 2023.
             Was a Follower of Wu Jian.
             Killed from afar by a white imp (9 damage)
             ... with a puff of frost
             ... summoned by Eustachio
             ... on level 6 of the Dungeon.
             The game lasted 00:09:20 (3956 turns).

Ivernyr the Shield-Bearer (Formicid Fighter)        Turns: 3956, Time: 00:09:20

Health: -2/63      AC:  5    Str: 24    XL:     8   Next: 31%
Magic:  8/8        EV:  8    Int:  7    God:    Wu Jian [*.....]
Gold:   389        SH: 16    Dex: 13    Spells: 7/7 levels left

rFire   . . .        a - +0 quarterstaff
rCold   . . .        c - +2 tower shield
rNeg    . . .        b - +1 leather armour {Will+}
rPois   .            (helmet unavailable)
rElec   .            (no cloak)
rCorr   .            (no gloves)
SInv    +            r - +0 pair of boots
Will    +....        (no amulet)
Stlth   +            (no ring)
HPRegen 0.30/turn    (no ring)
MPRegen 0.11/turn

%: no passive effects
@: no status effects
A: permanent stasis, dig shafts and tunnels, antennae 3, four strong arms
a: Dig, Shaft Self, Renounce Religion


You were on level 6 of the Dungeon.
You worshipped Wu Jian.
Wu Jian was aware of your devotion.
You visited 1 branch of the dungeon, and saw 6 of its levels.

You collected 389 gold pieces.

Inventory:

Hand Weapons
 a - a +0 quarterstaff (weapon)
Armour
 b - a +1 leather armour of willpower (worn)
 c - a +2 tower shield (worn)
 r - a +0 pair of boots (worn)
Scrolls
 e - a scroll of summoning {unknown}
 f - 8 scrolls of identify {unknown}
 h - a scroll of enchant armour {unknown}
 i - 2 scrolls of teleportation {unknown}
 j - 4 scrolls of immolation {unknown}
 m - a scroll of blinking {unknown}
 t - a scroll of magic mapping {unknown}
 u - a scroll of noise {unknown}
 w - a scroll of brand weapon {unknown}
Potions
 d - 3 potions of might
 g - 2 potions of ambrosia {unknown}
 k - 6 potions of curing
 l - 2 potions of attraction {unknown}
 n - 2 potions of mutation {unknown}
 o - 3 potions of resistance {unknown}
 p - a potion of brilliance {unknown}
 q - a potion of haste {unknown}
 s - a potion of heal wounds {unknown}
 v - a potion of lignification {unknown}


   Skills:
 + Level 5.4 Fighting
 * Level 6.0 Staves
 + Level 5.4 Armour
 + Level 6.5 Shields


You had 7 spell levels left.
You didn't know any spells.
Your spell library contained the following spells:

 Spells                   Type           Power      Damage    Failure   Level
 Ensorcelled Hibernation  Hex/Ice        0%         N/A       98%         2
 Passwall                 Tmut/Erth      0%         N/A       98%         2
 Manifold Assault         Tloc           0%         N/A       100%        4
 Storm Form               Tmut/Air       0%         N/A       100%        7
 Blink                    Tloc           Unusable   N/A       N/A         2
 Swiftness                Air            Unusable   N/A       N/A         3

Dungeon Overview and Level Annotations

Branches:
Dungeon (6/15)
 Temple: D:4-7

Altars:
Dithmenos
Hepliaklqana
Nemelex Xobeh
Okawaru
Sif Muna
Trog
Wu Jian

Shops:
D:1 ?

Annotations:
D:6 Eustachio


Innate Abilities, Weirdness & Mutations

You cannot be hasted, slowed, berserked, paralysed or teleported.
You can dig through walls and to a lower floor.
You have a pair of large antennae on your head. (SInv)
Your four strong arms can wield two-handed weapons with a shield.


Message History

You hit the crimson imp.
The crimson imp is lightly wounded.
You block the bat's attack. You block the crimson imp's attack.
You block the bat's attack. The crimson imp hits you.
You closely miss the crimson imp. The bat barely misses you.
You block the bat's attack.
The crimson imp hits you but does no damage.
You closely miss the crimson imp. You block the bat's attack. x2
Eustachio gestures wildly while chanting.
You block the bat's attack. The crimson imp closely misses you.
Eustachio mumbles some strange words.
You hit the crimson imp but do no damage.
The bat closely misses you. You block the bat's attack.
The crimson imp hits you but does no damage.
The bat hits you but does no damage.
You completely miss the crimson imp. You block the bat's attack.
The bat hits you but does no damage. The crimson imp hits you.
Eustachio casts a spell.
Eustachio blinks!
You completely miss the crimson imp.
The crimson imp disappears in a puff of smoke!
You block the bat's attack. x2
You hit the bat.
You kill the bat!
The bat's corpse disappears in a puff of smoke!
The white imp gestures at you. The puff of frost hits you!
You block the white imp's attack. Eustachio hits you with a +0 falchion!
* * * LOW HITPOINT WARNING * * *
You closely miss Eustachio.
Eustachio is lightly wounded.
The white imp gestures at you. The puff of frost hits you!
* * * LOW HITPOINT WARNING * * *
Eustachio barely misses you.
You sock Eustachio!
Eustachio is moderately wounded.
Eustachio casts a spell.
The white imp gestures at you. The puff of frost hits you!
You die...

#.....#
#.....############
#.....')..........
#.....############
####.## { #.# #.#
#######.#
#rr@@5b.#
#.####### { .{.ยง
###.## #.# #.# #.#
#..


You could see Eustachio, a river rat (summoned), a white imp (summoned), a bat
(summoned) and a rat (summoned).

Vanquished Creatures
  2 black bears (D:6)
  3 phantoms
  2 scorpions (D:5)
  An orc priest (D:5)
  A hound (D:5)
  A jelly (D:5)
  Terence (D:2)
  2 iguanas (D:5)
  A sleepcap (D:5)
  2 orc wizards
  4 adders
  4 gnolls (D:6)
  2 white imps (D:5)
  An ufetubus (D:4)
  7 dart slugs
  6 orcs
  5 ball pythons
  10 endoplasms
  A giant cockroach (D:1)
  2 goblins
  4 hobgoblins
  3 quokkas (D:1)
  3 frilled lizards
  4 kobolds
  7 rats
79 creatures vanquished.

Notes
Turn   | Place    | Note
-------+----------+-------------------------------------------
     0 | D:1      | Ivernyr the Formicid Fighter began the quest for the Orb.
     0 | D:1      | Reached XP level 1. HP: 18/18 MP: 1/1
   112 | D:1      | Reached XP level 2. HP: 24/24 MP: 2/2
   251 | D:1      | Reached XP level 3. HP: 29/29 MP: 3/3
   255 | D:1      | Found Pazxaom's Magic Scroll Shop.
   937 | D:2      | Noticed Terence
   951 | D:2      | Killed Terence
   952 | D:2      | Reached XP level 4. HP: 36/37 MP: 4/4
  1346 | D:3      | Reached XP level 5. HP: 12/42 MP: 5/5
  1810 | D:3      | Found a faded altar of an unknown god.
  1908 | D:4      | Found a shadowy altar of Dithmenos.
  2331 | D:4      | Found a shimmering blue altar of Sif Muna.
  2341 | D:4      | Found a sparkling altar of Nemelex Xobeh.
  2344 | D:4      | Found an ornate altar of the Wu Jian Council.
  2347 | D:4      | Found a hazy altar of Hepliaklqana.
  2353 | D:4      | Became a worshipper of the Wu Jian Council
  2487 | D:5      | Entered Level 5 of the Dungeon
  2487 | D:5      | Noticed a phantom
  2497 | D:5      | Killed a phantom
  2498 | D:5      | Reached skill level 5 in Shields
  2498 | D:5      | Reached XP level 6. HP: 40/49 MP: 6/6
  2991 | D:5      | Reached XP level 7. HP: 20/55 MP: 7/7
  3185 | D:5      | Reached skill level 5 in Staves
  3425 | D:5      | Found an iron altar of Okawaru.
  3630 | D:6      | Reached skill level 5 in Fighting
  3630 | D:6      | Reached skill level 5 in Armour
  3656 | D:6      | Reached XP level 8. HP: 62/62 MP: 8/8
  3666 | D:6      | Found a bloodstained altar of Trog.
  3821 | D:6      | Reached * piety under Wu Jian
  3930 | D:6      | Noticed Eustachio
  3956 | D:6      | Killed from afar by a white imp

Illustrated notes

Levels and vault maps discovered:
D:1:      lightli_arrival_isolated_outpost, layout_rooms, serial_shops,
          nicolae_shop_behind_doors
D:2:      layout_basic, minmay_fountain_box, uniq_terence
D:3:      layout_rooms, ebering_ecumenical_altar_rust,
          hangedman_decor_clover_reticule
D:4:      layout_rooms, grunt_temple_overflow_cloverleaf,
          nicolae_dithmenos_the_darkroom
D:5:      layout_basic, okawaru_metal_pillars_1_2, st_stairs_9
D:6:      layout_basic, amcnicky_altar_gilded, trog_ov_bears_minmay,
          minmay_temple_entry_gardened_gates, serial_shops, shop,
          kennysheep_generic_room_5, uniq_eustachio

Skill      XL: |  1  2  3  4  5  6  7  8 |
---------------+-------------------------+-----
Staves         | 3 4 5 6 |  6.0
Fighting       | 4 5 |  5.4
Armour         | 4 5 |  5.4
Shields        | 5 6 |  6.5

Action                     |  1- 3 |  4- 6 |  7- 9 || total
---------------------------+-------+-------+-------++-------
  Melee: Quarterstaff      |    56 |   155 |   102 ||   313
Ability: Dig               |       |     1 |     2 ||     3
         Lunge             |       |     1 |     1 ||     2
         Whirlwind         |       |       |     1 ||     1
    Use: Potion            |       |     1 |       ||     1
 Armour: Scale mail        |    21 |     8 |       ||    29
         Leather armour    |       |    30 |    20 ||    50
  Dodge: Dodged            |    26 |    51 |    22 ||    99
  Block: Buckler           |    11 |     4 |       ||    15
         Tower shield      |       |   123 |    81 ||   204
